 Dungeon Crawl Stone Soup version 0.16.1-51-g6203257 (webtiles) character file.

202 Jb9000 the Covered (level 5, -8/33 HPs)
             Began as a Gargoyle Fighter on July 3, 2015.
             Was an Initiate of Nemelex Xobeh.
             Mangled by an orc warrior
             ... wielding a +1 dire flail of pain
              (17 damage)
             ... on level 3 of the Dungeon.
             The game lasted 00:12:16 (2034 turns).

Jb9000 the Covered (Gargoyle Fighter)               Turns: 2034, Time: 00:12:22

Health: -8/33      AC: 11    Str: 25    XL:     5   Next: 80%
Magic:  6/6        EV:  8    Int:  8    God:    Nemelex Xobeh [......]
Gold:   182        SH:  0    Dex: 10    Spells: 0 memorised, 4 levels left

rFire  + . .     SeeInvis .     a - +0 flail
rCold  . . .     Clarity  .     b - +0 scale mail
rNeg   + . .     SustAb   .     c - +0 shield
rPois  ∞         Gourm    .     (no helmet)
rElec  +         Spirit   .     (no cloak)
rCorr  .         Warding  .     (no gloves)
rMut   .         Stasis   .     (no boots)
MR     .....                    y - amulet of rage
Stlth  +.........               x - ring of protection from fire
                                m - ring of stealth

@: confused, mighty, not resistant to hostile enchantments, very unstealthy
A: negative energy resistance 1, electricity resistance, unbreathing,
petrification resistance, rot immunity, AC +4
a: Renounce Religion, Evoke Berserk Rage


You were on level 3 of the Dungeon.
You worshipped Nemelex Xobeh.
Nemelex Xobeh was noncommittal.
You were not hungry.

You visited 1 branch of the dungeon, and saw 3 of its levels.

You collected 182 gold pieces.

Inventory:

Hand weapons
 a - a +0 flail (weapon)
 C - a +0 blowgun
Missiles
 j - 37 bolts
 r - 4 bolts of flame
 z - 8 arrows of dispersal
 D - 12 poisoned needles
Armour
 b - a +0 scale mail (worn)
 c - a +0 shield (worn)
 F - a +1 helmet
Jewellery
 m - a ring of stealth (left hand)
 x - a ring of protection from fire (right hand)
 y - an amulet of rage (around neck)
Scrolls
 g - 3 scrolls of identify
 i - a scroll of teleportation {unknown}
 k - a scroll of enchant weapon {unknown}
 l - a scroll of recharging {unknown}
 o - a scroll of immolation {unknown}
 w - a scroll of fear {unknown}
 B - a scroll of noise {unknown}
Potions
 f - a potion of resistance
 t - a potion of poison {unknown}
Miscellaneous
 q - a plain deck of defence {drawn: 5}
 u - a plain deck of war {drawn: 3}
Comestibles
 d - 2 bread rations
 h - 2 fruits
 s - a meat ration
 v - 14 chunks of flesh
 A - a beef jerky


   Skills:
 + Level 3.7 Fighting
 + Level 2.7 Maces & Flails
 + Level 4.0 Armour
 + Level 1.2 Dodging
 * Level 3.4 Stealth
 + Level 3.8 Shields
 * Level 1.2 Evocations


You had 4 spell levels left.
You didn't know any spells.

Dungeon Overview and Level Annotations

Branches:
Dungeon (3/15)

Altars:
Nemelex Xobeh


Innate Abilities, Weirdness & Mutations

You are resistant to torment.
You are immune to poison.
Your stone body is very resilient (AC +4).
You resist negative energy.
You are resistant to electric shocks.
You can survive without breathing.
You are immune to petrification.
You are immune to rotting.


Message History

Drink which item? (? for menu, Esc to quit)
It was a potion of restore abilities.
You feel refreshed. The orc hits you but does no damage.
You block the orc's attack.
The orc warrior hits you with a dire flail of pain.
* * * LOW HITPOINT WARNING * * *
Drink which item? (? for menu, Esc to quit)
You feel very mighty all of a sudden. The orc hits you but does no damage.
You closely miss the orc warrior. You block the orc warrior's attack.
The orc hits you with a war axe.
* * * LOW HITPOINT WARNING * * *
You block the orc's attack.
Drink which item? (? for menu, Esc to quit)
It was a potion of ambrosia.
You are confused.
You feel invigorated.
The orc warrior hits you with a dire flail of pain!
Ouch! That really hurt!
You die...
Your body disappears without a glow.

#.# .# #.# .. #÷#
#. #)# #.##)# .o#)#
#o#)# ########o#.#
#......)o@.#
#.......†..########
..................
........).########
!.........#
.......#>#
......#.# ...?.#.#
#######


You could see an orc warrior and 3 orcs.

Vanquished Creatures
  The ghost of Miyamura the Insei, an average OpTm (D:3)
  Robin (D:3)
  2 adders (D:2)
  A worm (D:2)
  4 giant geckos
  10 bats
  A giant cockroach (D:1)
  9 hobgoblins
  12 jackals
  7 kobolds
  9 giant newts (D:1)
  18 goblins
  11 rats
86 creatures vanquished.

Notes
Turn   | Place    | Note
--------------------------------------------------------------
     0 | D:1      | Jb9000, the Gargoyle Fighter, began the quest for the Orb.
     0 | D:1      | Reached XP level 1. HP: 14/14 MP: 1/1
   167 | D:1      | Reached XP level 2. HP: 19/19 MP: 2/2
   188 | D:1      | Reached skill level 1 in Stealth
   503 | D:1      | Reached XP level 3. HP: 19/23 MP: 3/3
  1297 | D:2      | Found a sparkling altar of Nemelex Xobeh.
  1318 | D:2      | Became a worshipper of Nemelex Xobeh the Trickster
  1426 | D:2      | Reached XP level 4. HP: 21/28 MP: 4/4
  1504 | D:2      | Received a gift from Nemelex Xobeh
  1590 | D:2      | Reached skill level 1 in Dodging
  1844 | D:3      | Noticed Miyamura's ghost (average OpTm)
  1860 | D:3      | Killed Miyamura's ghost
  1860 | D:3      | Reached skill level 1 in Evocations
  1860 | D:3      | Reached XP level 5. HP: 28/33 MP: 5/5
  1920 | D:3      | Noticed Robin
  1941 | D:3      | Killed Robin
  1959 | D:3      | Reached skill level 4 in Armour
  2012 | D:3      | Noticed an orc warrior
  2034 | D:3      | Mangled by an orc warrior

Action                   |  1- 3 |  4- 6 || total
-------------------------+-------+-------++-------
Melee: Flail             |   174 |   143 ||   317
Evoke: Deck              |       |     8 ||     8
  Use: Scroll            |       |     1 ||     1
       Potion            |       |     5 ||     5
 Stab: Fleeing           |       |     1 ||     1
  Eat: Chunk             |     2 |     2 ||     4
       Fruit             |       |     1 ||     1
